 Dungeon Crawl Stone Soup version 0.28-a0-1202-g1e6f1b2279 (webtiles) character file.

Game seed: 8217767490950297784

108653 Ijustatesigmund the Severer (level 16, -41/155 HPs)
             Began as a Hill Orc Fighter on Dec 17, 2021.
             Was the Champion of Cheibriados.
             Killed from afar by a hellephant (63 damage)
             ... with a blast of flame
             ... on level 1 of the Snake Pit on Dec 20, 2021.
             The game lasted 00:55:49 (29878 turns).

Ijustatesigmund the Severer (Hill Orc Fighter)     Turns: 29878, Time: 00:55:49

Health: -41/155    AC: 36    Str: 36    XL:     16   Next: 50%
Magic:  15/29      EV: 16    Int: 27    God:    Cheibriados [******]
Gold:   1669       SH: 14    Dex: 27    Spells: 28/29 levels left

rFire   x . .      SeeInvis .   a - +4 war axe (protect)
rCold   + + .      Faith    .   x - +2 kite shield {reflect}
rNeg    . . .      Spirit   .   U - +0 ice dragon scales
rPois   +          Reflect  +   e - +1 helmet
rElec   .          Harm     .   y - +1 cloak {Will+}
rCorr   .          Rampage  .   w - +0 pair of gloves
Will    ++...                   t - +0 pair of boots
Stlth   +.........              C - amulet "Quna Luf" {rPois Regen+}
HPRegen 1.15/turn               m - +4 ring of protection
MPRegen 0.21/turn               k - +4 ring of evasion

@: under a protective aura, studying 2 skills, very slow
A: hooves 1, iridescent scales 1, agile 1, dopey 1, screaming 1
a: Renounce Religion, Bend Time, Temporal Distortion, Slouch, Step From Time


You were on level 1 of the Snake Pit.
You worshipped Cheibriados.
Cheibriados was exalted by your worship.
You visited 5 branches of the dungeon, and saw 25 of its levels.

You collected 2390 gold pieces.
You spent 721 gold pieces at shops.

Inventory:

Hand Weapons
 a - a +4 war axe of protection (weapon)
 B - a +4 demon whip of pain
Missiles
 E - 3 throwing nets (quivered)
Armour
 c - +0 acid dragon scales
 e - a +1 helmet (worn)
 f - +0 swamp dragon scales
 t - a +0 pair of boots (worn)
 w - a +0 pair of gloves (worn)
 x - a +2 kite shield of reflection (worn)
 y - a +1 cloak of willpower (worn)
 G - the +1 leather armour "Zomuth" {Dex+4}
   (You bought it in a shop on level 2 of the Orcish Mines)

   Dex:       It affects your dexterity (+4).
 U - +0 ice dragon scales (worn)
Jewellery
 k - a +4 ring of evasion (right hand)
 m - a +4 ring of protection (left hand)
 C - the amulet "Quna Luf" (around neck) {rPois Regen+}
   (You acquired it on level 1 of the Lair of Beasts)

   [amulet of regeneration]

   rPois:     It protects you from poison.
   Regen:     It increases your rate of health regeneration.
 F - a ring of fire
 I - a ring of protection from cold
 S - the ring "Avvuxkin" {rN+ Will+ Str+3 Dex-2}
   (You found it on level 6 of the Lair of Beasts)

   [ring of willpower]

   Str:       It affects your strength (+3).
   Dex:       It affects your dexterity (-2).
   rN:        It protects you from negative energy.
   Will:      It increases your willpower.
Wands
 h - a wand of iceblast (26)
 p - a wand of paralysis (7)
 r - a wand of charming (25)
 u - a wand of flame (29)
 D - a wand of polymorph (13)
 L - a wand of acid (3)
 R - a wand of mindburst (12)
Scrolls
 i - 7 scrolls of amnesia
 n - 9 scrolls of identify
 q - 4 scrolls of immolation
 H - a scroll of teleportation
 K - 5 scrolls of blinking
 M - a scroll of fog
 O - 2 scrolls of magic mapping
 P - a scroll of silence
 Q - a scroll of brand weapon
 T - 4 scrolls of enchant weapon
Potions
 b - 2 potions of resistance
 d - a potion of magic
 g - 3 potions of mutation
 j - 2 potions of might
 l - a potion of lignification
 o - 3 potions of brilliance
 s - 11 potions of curing
 v - 6 potions of flight
 z - 4 potions of heal wounds
 A - a potion of cancellation
 J - a potion of berserk rage
 N - 2 potions of ambrosia {unknown}


   Skills:
 + Level 17.3 Fighting
 + Level 19.1 Axes
 + Level 14.4 Armour
 - Level 4.1 Dodging
 - Level 6.3 Shields
 - Level 7.3 Spellcasting
 - Level 3.1 Necromancy
 + Level 18.1 Invocations
 - Level 5.7 Evocations


You had 28 spell levels left.
You knew the following spells:

 Your Spells              Type           Power      Damage    Failure   Level
a - Pain                  Necr           100%       1d9       9%          1

Your spell library contained the following spells:

 Spells                   Type           Power      Damage    Failure   Level
 Sublimation of Blood     Necr           26%        N/A       12%         2
 Foxfire                  Conj/Fire      36%        2x1d5     28%         1
 Slow                     Hex            36%        N/A       28%         1
 Sting                    Tmut/Pois      36%        1d4       28%         1
 Ensorcelled Hibernation  Hex/Ice        18%        N/A       41%         2
 Passwall                 Tmut/Erth      7%         N/A       41%         2
 Poisonous Vapours        Pois/Air       18%        N/A       41%         2
 Scorch                   Fire           18%        2d6       41%         2
 Confusing Touch          Hex            9%         N/A       65%         3
 Conjure Flame            Conj/Fire      9%         6-21      65%         3
 Gell's Gravitas          Tloc           9%         N/A       65%         3
 Ignite Poison            Fire/Tmut/Pois 9%         N/A       65%         3
 Inner Flame              Hex/Fire       9%         N/A       65%         3
 Swiftness                Air            9%         N/A       65%         3
 Teleport Other           Tloc           9%         N/A       65%         3
 Tukima's Dance           Hex            9%         N/A       65%         3
 Agony                    Necr           26%        N/A       92%         5
 Excruciating Wounds      Necr           13%        N/A       92%         5
 Flame Wave               Conj/Fire      9%         2d4       96%         4
 Olgreb's Toxic Radiance  Pois           9%         N/A       96%         4
 Passage of Golubria      Tloc           9%         N/A       96%         4
 Petrify                  Tmut/Erth      9%         N/A       96%         4
 Sticky Flame             Conj/Fire      9%         2d3       96%         4
 Summon Lightning Spire   Summ/Air       9%         N/A       96%         4
 Irradiate                Conj/Tmut      4%         3d15      100%        5
 Silence                  Hex/Air        4%         N/A       100%        5
 Yara's Violent Unravell  Hex/Tmut       4%         3d4       100%        5
 Summon Cactus Giant      Summ           4%         N/A       100%        6
 Spellforged Servitor     Conj/Summ      4%         N/A       100%        7
 Storm Form               Tmut/Air       4%         N/A       100%        7
 Summon Hydra             Summ           4%         N/A       100%        7
 Lehudib's Crystal Spear  Conj/Erth      4%         10d3      100%        8
 Maxwell's Capacitive Co  Air            4%         ∞         100%        8


Dungeon Overview and Level Annotations

Branches:
Dungeon (15/15)            Temple (1/1) D:5            Lair (6/6) D:10
 Shoals (0/4) Lair:2        Snake (1/4) Lair:2        Slime (0/5) Lair:6
    Orc (2/2) D:11            Elf (0/3) Orc:2        Vaults (0/5) D:13
 Depths (0/4) D:15

Altars:
Ashenzari
Cheibriados
Dithmenos
Elyvilon
Fedhas
Gozag
Hepliaklqana
Kikubaaqudgha
Makhleb
Nemelex Xobeh
Okawaru
Qazlal
Ru
Sif Muna
Trog
Uskayaw
Vehumet
Wu Jian
Xom
Yredelemnul
Zin
The Shining One
Beogh

Shops:
D:2 !   Orc:2 [**!

Portals:
Abyss: Snake:1

Annotations:
Snake:1 1 transporter


Innate Abilities, Weirdness & Mutations

You have large cloven feet.
You are partially covered in iridescent scales. (AC +2)
You are agile. (Dex +2)
You are dopey. (Int -2)
You occasionally shout uncontrollably at your foes.


Message History

The great orb of eyes bites you but does no damage.
You block the great orb of eyes's attack.
You slice the great orb of eyes!!
You kill the great orb of eyes!
Cheibriados thoroughly appreciates the change of pace.
You hit the hellephant but do no damage.
You slash the great orb of eyes! You block the hellephant's attack.
The hellephant bites you but does no damage.
The hellephant completely misses you. The great orb of eyes gazes at you.
You resist with almost no effort.
You hit the great orb of eyes but do no damage.
The great orb of eyes is heavily wounded.
You hit the hellephant. The hellephant breathes flames at you.
The blast of flame hits you!!!! The fire burns you terribly!
Ouch! That really hurt!
* * * LOW HITPOINT WARNING * * *
You block the great orb of eyes's attack.
You feel much better.
The great orb of eyes bites you but does no damage.
The hellephant barely misses you.
The hellephant bites you but does no damage.
The hellephant misses you.
You step out of the flow of time.
You return to the normal time flow.
The white ugly thing gurgles horribly! x2
The red very ugly thing gurgles horribly!
The hell hog squeals angrily.
The hellephant trumpets!
Your body is wracked with pain!
* * * LOW HITPOINT WARNING * * *
The red very ugly thing convulses!
The white ugly thing convulses! x2
The hellephant tramples you!!
* * * LOW HITPOINT WARNING * * *
You hold your ground!
The hellephant closely misses you.
The hellephant gores you but does no damage.
You feel much better. The red very ugly thing headbutts you.
* * * LOW HITPOINT WARNING * * *
The hellephant breathes flames at you. The blast of flame hits you!!!
The fire burns you terribly!
You die...

......##
##.... .#
....###
.###.## .
##### .. ## .
# $# ©. . .#
#.##. ## .
... ##..h. .
..... ##u.u#
. #....
#∩uY.# . ##..
#@# #. ###
... # ..... .
....... .
.........
...?.......
........#####


You could see a hellephant (catching breath), a red very ugly thing, 2 ugly
things and a hell hog.

Vanquished Creatures
  Jorgrun (D:14)
  A tengu reaver (D:14)
  Aizul (Snake:1)
  A very ugly thing (Snake:1)
  2 ettins
  A great orb of eyes (Snake:1)
  Harold (D:7)
  A naga warrior (Snake:1)
  Josephine (Lair:6)
  4 boulder beetles
  Erolcha (D:9)
  2 ice dragons (D:15)
  The ghost of Cymafa the Convoker, a journeyman FeSu of Sif Muna (Snake:1)
  3 centaur warriors
  6 hydras
  An ogre mage (D:15)
  6 two-headed ogres
  3 catoblepae
  A death knight (D:14)
  4 death yaks (Lair:5)
  4 orc high priests (Orc:2)
  A tengu warrior (D:14)
  Urug (D:13)
  9 skeletal warriors
  A lindwurm (Lair:5)
  2 naga ritualists (Snake:1)
  A wizard (D:9)
  2 deep elf pyromancers
  3 harpies (D:12)
  An orc knight (Orc:2)
  11 ugly things
  A salamander (Snake:1)
  2 orc sorcerers
  4 manticores
  8 cyclopes
  7 elephants
  10 black mambas
  4 naga magi (Snake:1)
  A cane toad (shapeshifter) (D:15)
  A torpor snail (Lair:2)
  18 cane toads
  Maggie (D:7)
  A gargoyle (D:12)
  Psyche (D:8)
  3 yaktaurs (D:15)
  10 komodo dragons
  2 kobold demonologists
  An efreet (D:15)
  A tengu conjurer (D:15)
  A rime drake (Lair:3)
  A merfolk (Lair:2)
  The ghost of Gargoyl the Skirmisher, an amateur GnAK of Lugonu (D:5)
  3 trolls
  4 polar bears
  Prince Ribbit (D:9)
  5 tyrant leeches (Lair:6)
  4 slime creatures (D:12)
  13 dream sheep
  35 blink frogs
  4 centaur simulacra
  2 shadows
  Sigmund (D:3)
  A water elemental (D:11)
  9 wraiths
  Eustachio (D:4)
  3 wyverns
  16 humans (D:13)
  39 yaks
  A golden eye (shapeshifter) (D:14)
  4 basilisks
  8 vampire mosquitoes
  A swamp worm (shapeshifter) (D:14)
  A steam dragon (Lair:3)
  2 wargs (Orc:2)
  5 nagas (Snake:1)
  3 acid dragons
  14 water moccasins
  21 orc warriors
  4 ice beasts
  A necrophage (D:5)
  5 black bears
  8 centaurs
  7 ogres
  9 wolves (Lair:6)
  17 kobold brigands
  4 gnoll sergeants
  13 bullfrogs
  A wyvern zombie (D:9)
  2 scorpions
  A water moccasin zombie (D:5)
  4 wyvern skeletons
  A water moccasin skeleton (D:4)
  15 killer bees
  2 electric eels
  15 wights
  4 howler monkeys
  2 centaur zombies
  A hound (D:7)
  3 jellies
  A centaur skeleton (D:7)
  22 orc priests
  2 gnoll shamans
  An iguana (D:5)
  32 orc wizards
  9 hell rats
  A killer bee zombie (D:9)
  A hound skeleton (D:5)
  Robin (D:2)
  3 howler monkey zombies
  25 gnolls
  7 river rats (Lair:6)
  5 adders
  2 shadow imps
  3 white imps
  An ufetubus (D:7)
  6 worms
  3 dart slugs
  63 orcs
  6 ball pythons
  5 endoplasms
  4 giant cockroaches
  14 goblins
  14 hobgoblins
  4 jackals (D:2)
  A quokka (D:1)
  A bat (D:2)
  A frilled lizard (D:1)
  21 kobolds
  10 rats
746 creatures vanquished.

Vanquished Creatures (others)
  Maurice (D:8)
  4 kobolds
  57 fungi
  A lurking horror (Snake:1)
  111 plants
  A withered plant (D:12)
175 creatures vanquished.

Grand Total: 921 creatures vanquished

Notes
Turn   | Place    | Note
-------+----------+-------------------------------------------
     0 | D:1      | Ijustatesigmund the Hill Orc Fighter began the quest for
                  | the Orb.
     0 | D:1      | Reached XP level 1. HP: 19/19 MP: 1/1
    38 | D:1      | Reached skill level 3 in Axes
   168 | D:1      | Reached XP level 2. HP: 25/26 MP: 2/2
   170 | D:1      | Learned a level 1 spell: Pain
   726 | D:1      | Reached skill level 4 in Axes
   726 | D:1      | Reached skill level 1 in Necromancy
   843 | D:1      | Reached XP level 3. HP: 26/31 MP: 3/3
  1377 | D:2      | Gained mutation: You occasionally shout uncontrollably at
                  | your foes. [potion of mutation]
  1377 | D:2      | Gained mutation: You are partially covered in iridescent
                  | scales. (AC +2) [potion of mutation]
  1377 | D:2      | Gained mutation: You are agile. (Dex +2) [potion of
                  | mutation]
  1377 | D:2      | Gained mutation: You have large cloven feet. [potion of
                  | mutation]
  1795 | D:3      | Reached XP level 4. HP: 39/39 MP: 4/4
  1939 | D:2      | Found Pufyog's Distillery.
  2023 | D:2      | Reached skill level 5 in Axes
  2357 | D:2      | Noticed Robin
  2369 | D:2      | Killed Robin
  2370 | D:2      | Reached XP level 5. HP: 34/45 MP: 5/5
  2991 | D:3      | Noticed Sigmund
  3009 | D:3      | Killed Sigmund
  3010 | D:3      | Reached skill level 6 in Axes
  3010 | D:3      | Reached XP level 6. HP: 5/53 MP: 2/6
  3393 | D:3      | Found a shimmering altar of Xom.
  3395 | D:3      | Found a bloodstained altar of Trog.
  3397 | D:3      | Found a stormy altar of Qazlal.
  3990 | D:4      | Found an ornate altar of the Wu Jian Council.
  4227 | D:4      | Noticed Eustachio
  4250 | D:4      | Killed Eustachio
  4251 | D:4      | Reached skill level 5 in Fighting
  4251 | D:4      | Reached XP level 7. HP: 45/61 MP: 3/7
  4362 | D:4      | Reached skill level 7 in Axes
  4914 | D:5      | Entered Level 5 of the Dungeon
  4937 | D:5      | Reached skill level 5 in Armour
  5314 | D:5      | Found a transporter.
  5316 | D:5      | Identified the +1 trident of Ignis's Generosity {chaos,
                  | rN+}
  5419 | D:5      | Reached XP level 8. HP: 50/70 MP: 8/8
  5429 | D:5      | Reached skill level 8 in Axes
  6027 | D:5      | Found a transporter.
  6034 | D:5      | Noticed Gargoyl's ghost (amateur GnAK)
  6130 | D:5      | Reached skill level 1 in Dodging
  6131 | D:5      | Found a staircase to the Ecumenical Temple.
  6190 | Temple   | Entered the Ecumenical Temple
  6297 | Temple   | Became a worshipper of Cheibriados the Contemplative
  6538 | D:5      | Found a shadowy altar of Dithmenos.
  6783 | D:6      | Reached skill level 9 in Axes
  6783 | D:6      | Reached skill level 1 in Invocations
  7154 | D:6      | Reached XP level 9. HP: 63/80 MP: 9/11
  7592 | D:7      | Reached skill level 10 in Fighting
  7592 | D:7      | Reached skill level 12 in Axes
  7592 | D:7      | Reached XP level 10. HP: 94/94 MP: 11/16
  7628 | D:7      | Found a sacrificial altar of Ru.
  8132 | D:7      | Reached * piety under Cheibriados
  8147 | D:7      | Noticed Maggie
  8164 | D:7      | Killed Maggie
  8428 | D:7      | Found a hide-covered altar of Uskayaw.
  8460 | D:7      | Noticed Harold
  8826 | D:7      | Killed Harold
  8826 | D:7      | Reached ** piety under Cheibriados
  9810 | D:8      | Found a burning altar of Makhleb.
  9810 | D:8      | Noticed a green death
 10013 | D:8      | Noticed Psyche
 10254 | D:9      | Noticed Erolcha
 10261 | D:9      | Killed Erolcha
 10262 | D:9      | Reached skill level 13 in Axes
 10270 | D:9      | Reached XP level 11. HP: 85/102 MP: 18/18
 10348 | D:9      | Found an iron altar of Okawaru.
 10414 | D:9      | Noticed a cyclops
 10422 | D:9      | Killed a cyclops
 10423 | D:9      | Reached skill level 10 in Invocations
 10787 | D:8      | Reached *** piety under Cheibriados
 10892 | D:8      | Noticed Maurice
 11391 | D:2      | Bought a potion of heal wounds for 50 gold pieces
 11648 | D:8      | Killed Psyche
 11678 | D:8      | Noticed a deep elf pyromancer
 11682 | D:8      | Noticed a centaur warrior
 11684 | D:8      | Noticed a two-headed ogre
 11740 | D:8      | Killed Maurice
 11744 | D:8      | Found a shimmering blue altar of Sif Muna.
 11825 | D:8      | Found a sparkling altar of Nemelex Xobeh.
 12077 | D:9      | Reached **** piety under Cheibriados
 12129 | D:9      | Noticed Prince Ribbit
 12134 | D:9      | Killed Prince Ribbit
 12150 | D:9      | Noticed a wizard
 12157 | D:9      | Killed a wizard
 12442 | D:10     | Entered Level 10 of the Dungeon
 12591 | D:10     | Noticed a two-headed ogre
 12603 | D:10     | Killed a two-headed ogre
 12604 | D:10     | Reached skill level 1 in Evocations
 12956 | D:10     | Found a staircase to the Lair.
 13009 | D:10     | Reached skill level 5 in Shields
 13649 | D:11     | Reached XP level 12. HP: 110/112 MP: 20/20
 13732 | D:11     | Reached ***** piety under Cheibriados
 13764 | D:11     | Noticed a two-headed ogre
 13772 | D:11     | Killed a two-headed ogre
 14006 | D:11     | Found a staircase to the Orcish Mines.
 14068 | D:11     | Noticed a sun demon
 14253 | D:11     | Noticed a boulder beetle
 14293 | D:11     | Killed a boulder beetle
 15015 | D:12     | Reached skill level 14 in Axes
 15323 | D:12     | Reached skill level 5 in Evocations
 15520 | D:12     | Noticed a catoblepas
 15541 | D:12     | Killed a catoblepas
 15559 | D:12     | Reached XP level 13. HP: 44/122 MP: 22/22
 15911 | D:13     | Noticed Urug
 15911 | D:13     | Found a gate to the Vaults.
 16146 | D:5      | Killed Gargoyl's ghost
 16542 | Orc:1    | Entered Level 1 of the Orcish Mines
 16569 | Orc:1    | Reached skill level 1 in Spellcasting
 16856 | Orc:2    | Entered Level 2 of the Orcish Mines
 16856 | Orc:2    | Found a staircase to the Elven Halls.
 16861 | Orc:2    | Reached ****** piety under Cheibriados
 17192 | Orc:2    | Noticed an ettin
 17206 | Orc:2    | Killed an ettin
 17207 | Orc:2    | Reached skill level 15 in Axes
 17507 | Orc:2    | Found a roughly hewn altar of Beogh.
 17751 | Orc:2    | Gained mutation: You are dopey. (Int -2) [a neqoxec]
 18431 | Orc:2    | Found Taqiloch's General Store.
 18431 | Orc:2    | Found Zazxalox's Distillery.
 18432 | Orc:2    | Found Zyoso's Assorted Antiques.
 18436 | Orc:2    | Found Gonweakk's Antique Armour Boutique.
 18439 | Orc:2    | Bought a scroll of blinking for 127 gold pieces
 18439 | Orc:2    | Bought a potion of invisibility for 136 gold pieces
 18440 | Orc:2    | Bought a potion of heal wounds for 75 gold pieces
 18440 | Orc:2    | Bought a potion of heal wounds for 75 gold pieces
 18440 | Orc:2    | Bought a potion of heal wounds for 75 gold pieces
 18441 | Orc:2    | Bought a scroll labelled LYBUKHUH WIQAK for 29 gold pieces
 18442 | Orc:2    | Bought a transparent leather armour for 154 gold pieces
 18442 | Orc:2    | Identified the +1 leather armour "Zomuth" {Dex+4} (You
                  | bought it in a shop on level 2 of the Orcish Mines)
 18939 | D:13     | Killed Urug
 19152 | D:13     | Reached skill level 5 in Spellcasting
 20063 | D:14     | Reached XP level 14. HP: 126/132 MP: 23/25
 20294 | Lair:1   | Entered Level 1 of the Lair of Beasts
 20662 | Lair:1   | Acquired the amulet "Quna Luf" {rPois Regen+}
 20829 | Lair:1   | Reached skill level 16 in Axes
 21252 | Lair:2   | Found a staircase to the Snake Pit.
 21320 | Lair:2   | Reached skill level 15 in Invocations
 21370 | Lair:2   | You fall into a shaft and drop 1 floor!
 21600 | Lair:2   | Found a staircase to the Shoals.
 23023 | Lair:4   | Reached skill level 15 in Fighting
 23905 | Lair:5   | Acquired a manual of Armour
 23935 | Lair:5   | Identified the +1 leather armour of the Cricket {Fly Regen+
                  | Str-5 Slay-4}
 24407 | Lair:5   | Reached skill level 17 in Axes
 24952 | Lair:6   | Entered Level 6 of the Lair of Beasts
 24975 | Lair:5   | Reached skill level 10 in Armour
 24977 | Lair:5   | Reached XP level 15. HP: 124/141 MP: 27/27
 25285 | Lair:6   | Got the Volume of the Arcane
 25440 | Lair:6   | Noticed Josephine
 25450 | Lair:6   | Killed Josephine
 25615 | Lair:6   | Identified the ring "Avvuxkin" {rN+ Will+ Str+3 Dex-2}
 25958 | Lair:6   | Found a staircase to the Slime Pits.
 26227 | D:8      | Upgraded the game from 0.28-a0-1182-g381e24db82 to
                  | 0.28-a0-1202-g1e6f1b2279
 26513 | D:13     | Reached skill level 18 in Axes
 26897 | D:14     | Noticed a tengu reaver
 26909 | D:14     | Killed a tengu reaver
 27076 | D:14     | Found the +7 great mace "Undeadhunter" {disrupt, rN+}
 27360 | D:14     | Noticed Jorgrun
 27500 | D:14     | Killed Jorgrun
 27756 | D:14     | Reached XP level 16. HP: 139/152 MP: 28/28
 28207 | D:15     | Entered Level 15 of the Dungeon
 28385 | D:15     | Found a staircase to the Depths.
 28863 | D:15     | Paralysed by an ogre mage for 3 turns
 29363 | Snake:1  | Entered Level 1 of the Snake Pit
 29648 | Snake:1  | Noticed Aizul
 29664 | Snake:1  | Killed Aizul
 29665 | Snake:1  | Reached skill level 19 in Axes
 29842 | Snake:1  | Found a transporter.
 29849 | Snake:1  | Found a transporter.
 29853 | Snake:1  | Noticed a hellephant
 29853 | Snake:1  | Noticed Cymafa's ghost (journeyman FeSu)
 29853 | Snake:1  | Found a one-way gate to the infinite horrors of the Abyss.
 29865 | Snake:1  | Killed Cymafa's ghost
 29877 | Snake:1  | HP: 1/155 [hellephant (22)]
 29878 | Snake:1  | Killed from afar by a hellephant

Illustrated notes

Levels and vault maps discovered:
D:1:      matt_arrival_diagonals, layout_basic
D:2:      layout_loops_ring, serial_shops, nicolae_shop_trees, uniq_robin
D:3:      layout_loops_ring, gammafunk_temple_overflow_forgotten, uniq_sigmund
D:4:      layout_basic, nicolae_overflow_crystal_walls, uniq_eustachio
D:5:      layout_cave_pods, grunt_dithmenos_shadows, minmay_temple_entry_arrows,
          gammafunk_ghost_gnarly_gnolls, hex_medium
D:6:      layout_basic
D:7:      layout_layer_cave, old_standard_altar, eat_drink_and_be_merry_uskayaw,
          uniq_maggie, uniq_harold
D:8:      layout_loops_ring, mainiacjoe_overflow_tiny_flanked,
          makhleb_altar_promises_db, nemelex_spade_bored_becter,
          onia_ninara_dug_in_and_dangerous, uniq_maurice, uniq_psyche
D:9:      layout_irregular_city, okawaru_ov_weapons_minmay, uniq_erolcha,
          uniq_prince_ribbit1
D:10:     layout_loops_cross, due_lair_maze_entry_diamond, hive_lemuel
D:11:     layout_big_octagon, orc_0_dummy, serial_ice, serial_ice_f,
          serial_ice_k, serial_ice_g, serial_ice_n
D:12:     layout_roguey, argonaut_gorgonesque
D:13:     layout_loops_cross, david_vaults_3
D:14:     layout_stronghold, minmay_radiant, uniq_jorgrun
D:15:     grunt_enter_depths_hoard, layout_small_grid
Temple:   jpeg_temple_clearing
Lair:1:   layout_regular_city, serial_bayou_pond_e, grunt_megastairs_3
Lair:2:   layout_gridlike, elwin_shoals_entry_rooms, dummy_snake_entry,
          st_stairs_13, grunt_megastairs_2, infiniplex_staircase_pool_2
Lair:3:   layout_cave_pods, portal_ice_cave_entry_pillars_2
Lair:4:   layout_regular_city
Lair:5:   layout_layer_cave, lemuel_fruit_fields, serial_bayou_shore_b
Lair:6:   minmay_lair_end_frog_pond, layout_hall_layers,
          dpeg_slime_entry_corner, kennysheep_abandoned_house,
          infiniplex_staircase_pool, uniq_josephine
Snake:1:  layout_onion, gammafunk_ghost_abyssal_escape, st_stairs_9,
          grunt_ministairs_13, lightli_airlock, uniq_aizul
Orc:1:    layout_diamond_mine, special_room [special_room_kobold]
Orc:2:    st_orc_mages, layout_diamond_mine, basic_altar

Skill      XL: |  1  2  3  4  5  6  7  8  9 10 11 12 13 14 15 16 |
---------------+-------------------------------------------------+-----
Axes           | 3 4 5 6 7 9 12 13 14 15 17 18 19 | 19.1
Necromancy     | 1 2 3 |  3.1
Fighting       | 4 5 6 7 10 11 12 13 14 15 16 17 | 17.3
Armour         | 4 5 6 9 10 13 14 | 14.4
Dodging        | 1 3 4 |  4.1
Invocations    | 2 8 9 11 13 14 16 17 18 | 18.1
Shields        | 5 6 |  6.3
Evocations     | 2 5 |  5.7
Spellcasting   | 5 7 |  7.3

Action                   |  1- 3 |  4- 6 |  7- 9 | 10-12 | 13-15 | 16-18 || total
-------------------------+-------+-------+-------+-------+-------+-------++-------
Melee: War axe           |    90 |   144 |   179 |   509 |  1090 |   232 ||  2244
       Kick              |     2 |    34 |    52 |   246 |   619 |       ||   953
       Unarmed           |       |       |       |     8 |       |       ||     8
       Demon whip        |       |       |       |       |    57 |       ||    57
 Cast: Pain              |     1 |    10 |     2 |     3 |       |       ||    16
Invok: Bend Time         |       |       |       |     1 |     3 |     2 ||     6
       Slouch            |       |       |       |     2 |     4 |     2 ||     8
       Step From Time    |       |       |       |       |     1 |     1 ||     2
Evoke: Wand              |       |       |       |    10 |     8 |       ||    18
  Use: Potion            |     3 |     2 |     4 |     1 |     6 |     3 ||    19
       Scroll            |       |     8 |     6 |    15 |    12 |       ||    41
 Stab: Distracted        |       |       |       |     1 |       |       ||     1
       Petrified         |       |       |       |     4 |     3 |       ||     7
       Sleeping          |       |       |       |     1 |       |       ||     1
       Invisible         |       |       |       |       |     2 |       ||     2
Armor: Scale mail        |    24 |    54 |    62 |    41 |       |       ||   181
       Skin              |       |     6 |       |       |       |       ||     6
       Swamp dragon scal |       |       |       |   184 |   351 |    15 ||   550
       Ice dragon scales |       |       |       |       |       |    88 ||    88
Dodge: Dodged            |    39 |    58 |    81 |   328 |   597 |   112 ||  1215
Block: Buckler           |    24 |    32 |    33 |   126 |       |       ||   215
       Kite shield       |       |       |       |       |   750 |   175 ||   925
       Reflection        |       |       |       |       |     6 |    21 ||    27

Table legend: (Time is in decaauts)
 A = Elapsed time spent in this place.
 B = Non-inter-level travel time spent in this place.
 C = Inter-level travel time spent in this place.
 D = Time resting spent in this place.
 E = Time spent auto-exploring this place.
 F = Levels seen in this place.
 G = Mean time per level.
                   A        B        C        D        E       F      G
               +--------+--------+--------+--------+--------+-----+--------+
         Total |  41219 |  37533 |   3686 |   5995 |  25519 |  25 | 1648.8 |
       Dungeon |  26787 |  23913 |   2874 |   4776 |  15314 |  15 | 1785.8 |
        Temple |    127 |     80 |     47 |      0 |     68 |   1 |  127.0 |
          Lair |  10396 |   9887 |    509 |    158 |   8341 |   6 | 1732.7 |
     Snake Pit |    747 |    747 |      0 |    100 |    445 |   1 |  747.0 |
  Orcish Mines |   3159 |   2905 |    254 |    961 |   1350 |   2 | 1579.5 |
               +--------+--------+--------+--------+--------+-----+--------+

Top non-repeatable levels by time:
    D:14: 2726 daAuts
     D:7: 2683 daAuts
     D:5: 2170 daAuts
     D:8: 2087 daAuts
  Lair:5: 2010 daAuts
  Lair:2: 1852 daAuts
  Lair:3: 1844 daAuts
    D:12: 1834 daAuts
    D:11: 1809 daAuts
     D:9: 1786 daAuts
    D:15: 1784 daAuts
    D:13: 1776 daAuts
    D:10: 1756 daAuts
   Orc:2: 1739 daAuts
  Lair:4: 1703 daAuts
